Unix NetHack Version 3.7.0-66 Work-in-progress - last build Dec 26 2022 05:50:31 (55254d10815e23f0e7c0ebc937178fe17f3ffff8,branch:master).

Game began 2023-01-06 01:43:57, ended 2023-01-06 03:05:21.

Kontroller, lawful male human Knight

  
unexplored area
unexplored area
unexplored area
unexplored area
unexplored area
unexplored area
unexplored area
unexplored area
unexplored area
unexplored area
unexplored area
unexplored area
unexplored area
unexplored area
unexplored area
unexplored area
unexplored area
unexplored area
unexplored area
unexplored area
unexplored area
unexplored area
unexplored area
unexplored area
unexplored area
unexplored area
unexplored area
unexplored area
unexplored area
unexplored area
unexplored area
unexplored area
unexplored area
unexplored area
unexplored area
unexplored area
unexplored area
unexplored area
unexplored area
unexplored area
unexplored area
unexplored area
unexplored area
unexplored area
unexplored area
unexplored area
unexplored area
unexplored area
unexplored area
unexplored area
unexplored area
unexplored area
unexplored area
unexplored area
unexplored area
unexplored area
unexplored area
unexplored area
unexplored area
unexplored area
unexplored area
unexplored area
unexplored area
unexplored area
unexplored area
unexplored area
unexplored area
unexplored area
unexplored area
unexplored area
unexplored area
unexplored area
unexplored area
unexplored area
unexplored area
unexplored area
unexplored area
unexplored area
unexplored area
unexplored area
unexplored area
unexplored area
unexplored area
unexplored area
unexplored area
unexplored area
unexplored area
unexplored area
unexplored area
unexplored area
unexplored area
unexplored area
unexplored area
unexplored area
unexplored area
unexplored area
unexplored area
unexplored area
unexplored area
unexplored area
unexplored area
unexplored area
unexplored area
unexplored area
unexplored area
unexplored area
unexplored area
unexplored area
unexplored area
unexplored area
unexplored area
unexplored area
unexplored area
unexplored area
unexplored area
unexplored area
unexplored area
unexplored area
unexplored area
unexplored area
unexplored area
unexplored area
unexplored area
unexplored area
wall
wall
wall
wall
unexplored area
unexplored area
unexplored area
unexplored area
unexplored area
unexplored area
unexplored area
unexplored area
unexplored area
unexplored area
unexplored area
unexplored area
unexplored area
unexplored area
unexplored area
unexplored area
unexplored area
unexplored area
unexplored area
unexplored area
unexplored area
unexplored area
unexplored area
unexplored area
unexplored area
unexplored area
unexplored area
unexplored area
unexplored area
unexplored area
unexplored area
unexplored area
unexplored area
unexplored area
unexplored area
unexplored area
unexplored area
unexplored area
unexplored area
unexplored area
unexplored area
unexplored area
unexplored area
unexplored area
unexplored area
unexplored area
unexplored area
unexplored area
unexplored area
unexplored area
unexplored area
unexplored area
unexplored area
unexplored area
unexplored area
unexplored area
unexplored area
unexplored area
unexplored area
unexplored area
unexplored area
unexplored area
unexplored area
unexplored area
wall
wall
wall
wall
unexplored area
unexplored area
unexplored area
unexplored area
unexplored area
unexplored area
wall
wall
.dark part of a room
.dark part of a room
wall
wall
wall
unexplored area
unexplored area
unexplored area
unexplored area
unexplored area
unexplored area
unexplored area
unexplored area
unexplored area
unexplored area
unexplored area
unexplored area
unexplored area
unexplored area
unexplored area
unexplored area
unexplored area
unexplored area
unexplored area
unexplored area
unexplored area
unexplored area
unexplored area
unexplored area
unexplored area
unexplored area
unexplored area
unexplored area
unexplored area
unexplored area
unexplored area
unexplored area
unexplored area
unexplored area
unexplored area
unexplored area
unexplored area
unexplored area
unexplored area
unexplored area
unexplored area
unexplored area
unexplored area
unexplored area
unexplored area
unexplored area
unexplored area
unexplored area
unexplored area
unexplored area
unexplored area
unexplored area
unexplored area
unexplored area
unexplored area
unexplored area
unexplored area
unexplored area
unexplored area
unexplored area
unexplored area
unexplored area
wall
.floor of a room
.floor of a room
.floor of a room
wall
wall
wall
wall
unexplored area
unexplored area
wall
.dark part of a room
.dark part of a room
.dark part of a room
.dark part of a room
.dark part of a room
wall
unexplored area
unexplored area
unexplored area
unexplored area
unexplored area
unexplored area
unexplored area
unexplored area
unexplored area
unexplored area
unexplored area
unexplored area
unexplored area
unexplored area
unexplored area
unexplored area
unexplored area
unexplored area
unexplored area
unexplored area
unexplored area
unexplored area
unexplored area
unexplored area
unexplored area
unexplored area
unexplored area
unexplored area
unexplored area
unexplored area
unexplored area
unexplored area
unexplored area
unexplored area
unexplored area
unexplored area
unexplored area
unexplored area
unexplored area
unexplored area
unexplored area
unexplored area
unexplored area
unexplored area
unexplored area
unexplored area
unexplored area
unexplored area
unexplored area
unexplored area
unexplored area
unexplored area
unexplored area
unexplored area
unexplored area
unexplored area
unexplored area
unexplored area
unexplored area
unexplored area
wall
wall
wall
.floor of a room
.floor of a room
.floor of a room
.floor of a room
.floor of a room
.floor of a room
wall
wall
wall
wall
.dark part of a room
.dark part of a room
.dark part of a room
(a stethoscope
.dark part of a room
wall
wall
unexplored area
wall
unexplored area
unexplored area
unexplored area
unexplored area
unexplored area
unexplored area
unexplored area
unexplored area
unexplored area
unexplored area
unexplored area
unexplored area
unexplored area
unexplored area
unexplored area
unexplored area
unexplored area
unexplored area
unexplored area
unexplored area
unexplored area
unexplored area
unexplored area
unexplored area
unexplored area
unexplored area
unexplored area
unexplored area
unexplored area
unexplored area
unexplored area
unexplored area
unexplored area
unexplored area
unexplored area
unexplored area
unexplored area
unexplored area
unexplored area
unexplored area
unexplored area
unexplored area
unexplored area
unexplored area
unexplored area
unexplored area
unexplored area
unexplored area
unexplored area
unexplored area
unexplored area
unexplored area
unexplored area
unexplored area
unexplored area
unexplored area
unexplored area
wall
.dark part of a room
.dark part of a room
.dark part of a room
.floor of a room
.floor of a room
.floor of a room
.floor of a room
.floor of a room
.floor of a room
.floor of a room
wall
.floor of a room
.dark part of a room
.dark part of a room
.dark part of a room
.dark part of a room
.dark part of a room
.dark part of a room
wall
.dark part of a room
wall
unexplored area
unexplored area
unexplored area
unexplored area
unexplored area
unexplored area
unexplored area
unexplored area
unexplored area
unexplored area
unexplored area
unexplored area
unexplored area
unexplored area
unexplored area
unexplored area
unexplored area
unexplored area
unexplored area
unexplored area
unexplored area
unexplored area
unexplored area
unexplored area
unexplored area
unexplored area
unexplored area
unexplored area
unexplored area
unexplored area
unexplored area
unexplored area
unexplored area
unexplored area
unexplored area
unexplored area
unexplored area
unexplored area
unexplored area
unexplored area
unexplored area
unexplored area
unexplored area
unexplored area
unexplored area
unexplored area
unexplored area
unexplored area
unexplored area
unexplored area
unexplored area
unexplored area
unexplored area
unexplored area
unexplored area
unexplored area
unexplored area
unexplored area
unexplored area
unexplored area
unexplored area
wall
.floor of a room
.floor of a room
.floor of a room
.floor of a room
.floor of a room
.floor of a room
.floor of a room
%a gnome lord corpse
.dark part of a room
.dark part of a room
.dark part of a room
.dark part of a room
.dark part of a room
.dark part of a room
.dark part of a room
.dark part of a room
wall
unexplored area
unexplored area
unexplored area
unexplored area
unexplored area
unexplored area
unexplored area
unexplored area
unexplored area
unexplored area
unexplored area
unexplored area
unexplored area
unexplored area
unexplored area
unexplored area
unexplored area
unexplored area
unexplored area
unexplored area
unexplored area
unexplored area
unexplored area
unexplored area
unexplored area
unexplored area
unexplored area
unexplored area
unexplored area
unexplored area
unexplored area
unexplored area
unexplored area
unexplored area
unexplored area
unexplored area
unexplored area
unexplored area
unexplored area
unexplored area
unexplored area
unexplored area
unexplored area
unexplored area
unexplored area
unexplored area
unexplored area
unexplored area
unexplored area
unexplored area
unexplored area
unexplored area
unexplored area
unexplored area
unexplored area
unexplored area
unexplored area
wall
wall
wall
wall
wall
wall
.floor of a room
.floor of a room
.floor of a room
.floor of a room
.floor of a room
.floor of a room
.floor of a room
.floor of a room
.dark part of a room
.dark part of a room
.dark part of a room
.dark part of a room
.dark part of a room
.dark part of a room
wall
wall
unexplored area
unexplored area
unexplored area
unexplored area
unexplored area
unexplored area
unexplored area
unexplored area
unexplored area
unexplored area
unexplored area
unexplored area
unexplored area
unexplored area
unexplored area
unexplored area
unexplored area
unexplored area
unexplored area
unexplored area
unexplored area
unexplored area
unexplored area
unexplored area
unexplored area
unexplored area
unexplored area
unexplored area
unexplored area
unexplored area
unexplored area
unexplored area
unexplored area
unexplored area
unexplored area
unexplored area
unexplored area
unexplored area
unexplored area
unexplored area
unexplored area
unexplored area
unexplored area
unexplored area
unexplored area
unexplored area
unexplored area
unexplored area
unexplored area
unexplored area
unexplored area
unexplored area
unexplored area
unexplored area
unexplored area
unexplored area
unexplored area
wall
.dark part of a room
.dark part of a room
.dark part of a room
.dark part of a room
.dark part of a room
.floor of a room
hpeaceful dwarf
.floor of a room
.floor of a room
.floor of a room
.floor of a room
.floor of a room
.floor of a room
.dark part of a room
.dark part of a room
%a gnome corpse
.dark part of a room
.dark part of a room
wall
wall
unexplored area
unexplored area
unexplored area
unexplored area
unexplored area
unexplored area
unexplored area
unexplored area
unexplored area
unexplored area
unexplored area
unexplored area
unexplored area
unexplored area
unexplored area
unexplored area
unexplored area
unexplored area
unexplored area
unexplored area
unexplored area
unexplored area
unexplored area
unexplored area
unexplored area
unexplored area
unexplored area
unexplored area
unexplored area
unexplored area
unexplored area
unexplored area
unexplored area
unexplored area
unexplored area
unexplored area
unexplored area
unexplored area
unexplored area
unexplored area
unexplored area
unexplored area
unexplored area
unexplored area
unexplored area
unexplored area
unexplored area
unexplored area
unexplored area
unexplored area
unexplored area
unexplored area
unexplored area
unexplored area
unexplored area
.dark part of a room
.dark part of a room
.dark part of a room
%an owlbear corpse
.dark part of a room
wall
wall
wall
wall
.dark part of a room
wall
.floor of a room
.floor of a room
.floor of a room
.floor of a room
.floor of a room
.floor of a room
.floor of a room
.dark part of a room
wall
wall
wall
wall
unexplored area
unexplored area
unexplored area
unexplored area
unexplored area
unexplored area
unexplored area
unexplored area
unexplored area
unexplored area
unexplored area
unexplored area
unexplored area
unexplored area
unexplored area
unexplored area
unexplored area
unexplored area
unexplored area
unexplored area
unexplored area
unexplored area
unexplored area
unexplored area
unexplored area
unexplored area
unexplored area
unexplored area
unexplored area
unexplored area
unexplored area
unexplored area
unexplored area
unexplored area
unexplored area
unexplored area
unexplored area
unexplored area
unexplored area
unexplored area
unexplored area
unexplored area
unexplored area
unexplored area
unexplored area
unexplored area
unexplored area
unexplored area
unexplored area
unexplored area
unexplored area
unexplored area
unexplored area
unexplored area
unexplored area
wall
.dark part of a room
.dark part of a room
.dark part of a room
.dark part of a room
wall
wall
unexplored area
unexplored area
wall
.dark part of a room
wall
.floor of a room
.floor of a room
.floor of a room
.floor of a room
.floor of a room
.floor of a room
.floor of a room
.dark part of a room
wall
unexplored area
unexplored area
unexplored area
unexplored area
unexplored area
unexplored area
unexplored area
unexplored area
unexplored area
unexplored area
unexplored area
unexplored area
unexplored area
unexplored area
unexplored area
unexplored area
unexplored area
unexplored area
unexplored area
unexplored area
unexplored area
unexplored area
unexplored area
unexplored area
unexplored area
unexplored area
unexplored area
unexplored area
unexplored area
unexplored area
unexplored area
unexplored area
unexplored area
unexplored area
unexplored area
unexplored area
unexplored area
unexplored area
unexplored area
unexplored area
unexplored area
unexplored area
unexplored area
unexplored area
unexplored area
unexplored area
unexplored area
unexplored area
unexplored area
unexplored area
unexplored area
unexplored area
unexplored area
unexplored area
unexplored area
unexplored area
unexplored area
unexplored area
wall
.dark part of a room
wall
wall
wall
unexplored area
unexplored area
unexplored area
unexplored area
wall
.floor of a room
.floor of a room
.floor of a room
.floor of a room
.floor of a room
.floor of a room
.floor of a room
.floor of a room
.floor of a room
.floor of a room
wall
unexplored area
unexplored area
unexplored area
unexplored area
unexplored area
unexplored area
unexplored area
unexplored area
unexplored area
unexplored area
unexplored area
unexplored area
unexplored area
unexplored area
unexplored area
unexplored area
unexplored area
unexplored area
unexplored area
unexplored area
unexplored area
unexplored area
unexplored area
unexplored area
unexplored area
unexplored area
unexplored area
unexplored area
unexplored area
unexplored area
unexplored area
unexplored area
unexplored area
unexplored area
unexplored area
unexplored area
unexplored area
unexplored area
unexplored area
unexplored area
unexplored area
unexplored area
unexplored area
unexplored area
unexplored area
unexplored area
unexplored area
unexplored area
unexplored area
unexplored area
unexplored area
unexplored area
unexplored area
unexplored area
unexplored area
unexplored area
unexplored area
unexplored area
.dark part of a room
unexplored area
unexplored area
unexplored area
unexplored area
unexplored area
unexplored area
unexplored area
unexplored area
wall
.dark part of a room
wall
.floor of a room
.floor of a room
.floor of a room
.floor of a room
.floor of a room
.floor of a room
.floor of a room
Ggnome king
wall
wall
unexplored area
unexplored area
unexplored area
unexplored area
unexplored area
unexplored area
unexplored area
unexplored area
unexplored area
unexplored area
unexplored area
unexplored area
unexplored area
unexplored area
unexplored area
unexplored area
unexplored area
unexplored area
unexplored area
unexplored area
unexplored area
unexplored area
unexplored area
unexplored area
unexplored area
unexplored area
unexplored area
unexplored area
unexplored area
unexplored area
unexplored area
unexplored area
unexplored area
unexplored area
unexplored area
unexplored area
unexplored area
unexplored area
unexplored area
unexplored area
unexplored area
unexplored area
unexplored area
unexplored area
unexplored area
unexplored area
unexplored area
unexplored area
unexplored area
unexplored area
unexplored area
unexplored area
unexplored area
unexplored area
unexplored area
unexplored area
unexplored area
unexplored area
unexplored area
unexplored area
unexplored area
unexplored area
unexplored area
unexplored area
unexplored area
unexplored area
wall
.dark part of a room
.dark part of a room
.dark part of a room
.dark part of a room
.dark part of a room
.dark part of a room
wall
.floor of a room
*a worthless piece of violet glass
)a dart
uhuman knight called Kontroller, mounted on your horse
wall
unexplored area
unexplored area
unexplored area
unexplored area
unexplored area
unexplored area
unexplored area
unexplored area
unexplored area
unexplored area
unexplored area
unexplored area
unexplored area
unexplored area
unexplored area
unexplored area
unexplored area
unexplored area
unexplored area
unexplored area
unexplored area
unexplored area
unexplored area
unexplored area
unexplored area
unexplored area
unexplored area
unexplored area
unexplored area
unexplored area
unexplored area
unexplored area
unexplored area
unexplored area
unexplored area
unexplored area
unexplored area
unexplored area
unexplored area
unexplored area
unexplored area
unexplored area
unexplored area
unexplored area
unexplored area
unexplored area
unexplored area
unexplored area
unexplored area
unexplored area
unexplored area
unexplored area
unexplored area
unexplored area
unexplored area
unexplored area
unexplored area
unexplored area
unexplored area
unexplored area
unexplored area
unexplored area
unexplored area
unexplored area
unexplored area
wall
.dark part of a room
.dark part of a room
wall
wall
.dark part of a room
.dark part of a room
wall
wall
.floor of a room
.floor of a room
.floor of a room
.floor of a room
wall
unexplored area
unexplored area
unexplored area
unexplored area
unexplored area
unexplored area
unexplored area
unexplored area
unexplored area
unexplored area
unexplored area
unexplored area
unexplored area
unexplored area
unexplored area
unexplored area
unexplored area
unexplored area
unexplored area
unexplored area
unexplored area
unexplored area
unexplored area
unexplored area
unexplored area
unexplored area
unexplored area
unexplored area
unexplored area
unexplored area
unexplored area
unexplored area
unexplored area
unexplored area
unexplored area
unexplored area
unexplored area
unexplored area
unexplored area
unexplored area
unexplored area
unexplored area
unexplored area
unexplored area
unexplored area
unexplored area
unexplored area
unexplored area
unexplored area
unexplored area
unexplored area
unexplored area
unexplored area
unexplored area
unexplored area
unexplored area
unexplored area
unexplored area
unexplored area
unexplored area
unexplored area
unexplored area
unexplored area
unexplored area
unexplored area
wall
.dark part of a room
.dark part of a room
wall
wall
.dark part of a room
wall
wall
wall
wall
wall
.floor of a room
.floor of a room
.dark part of a room
wall
unexplored area
unexplored area
unexplored area
unexplored area
unexplored area
unexplored area
unexplored area
unexplored area
unexplored area
unexplored area
unexplored area
unexplored area
unexplored area
unexplored area
unexplored area
unexplored area
unexplored area
unexplored area
unexplored area
unexplored area
unexplored area
unexplored area
unexplored area
unexplored area
unexplored area
unexplored area
unexplored area
unexplored area
unexplored area
unexplored area
unexplored area
unexplored area
unexplored area
unexplored area
unexplored area
unexplored area
unexplored area
unexplored area
unexplored area
unexplored area
unexplored area
unexplored area
unexplored area
unexplored area
unexplored area
unexplored area
unexplored area
unexplored area
unexplored area
unexplored area
unexplored area
unexplored area
unexplored area
unexplored area
unexplored area
unexplored area
unexplored area
unexplored area
unexplored area
unexplored area
unexplored area
unexplored area
unexplored area
unexplored area
wall
unexplored area
wall
wall
wall
.dark part of a room
wall
unexplored area
unexplored area
unexplored area
wall
.floor of a room
.floor of a room
wall
wall
unexplored area
unexplored area
unexplored area
unexplored area
unexplored area
unexplored area
unexplored area
unexplored area
unexplored area
unexplored area
unexplored area
unexplored area
unexplored area
unexplored area
unexplored area
unexplored area
unexplored area
unexplored area
unexplored area
unexplored area
unexplored area
unexplored area
unexplored area
unexplored area
unexplored area
unexplored area
unexplored area
unexplored area
unexplored area
unexplored area
unexplored area
unexplored area
unexplored area
unexplored area
unexplored area
unexplored area
unexplored area
unexplored area
unexplored area
unexplored area
unexplored area
unexplored area
unexplored area
unexplored area
unexplored area
unexplored area
unexplored area
unexplored area
unexplored area
unexplored area
unexplored area
unexplored area
unexplored area
unexplored area
unexplored area
unexplored area
unexplored area
unexplored area
unexplored area
unexplored area
unexplored area
unexplored area
unexplored area
unexplored area
unexplored area
unexplored area
unexplored area
unexplored area
.dark part of a room
.dark part of a room
wall
unexplored area
unexplored area
unexplored area
wall
wall
wall
wall
unexplored area
unexplored area
unexplored area
unexplored area
unexplored area
unexplored area
unexplored area
unexplored area
unexplored area
unexplored area
unexplored area
unexplored area
unexplored area
unexplored area
unexplored area
unexplored area
unexplored area
unexplored area
unexplored area
unexplored area
unexplored area
unexplored area
unexplored area
unexplored area
unexplored area
unexplored area
unexplored area
unexplored area
unexplored area
unexplored area
unexplored area
unexplored area
unexplored area
unexplored area
unexplored area
unexplored area
unexplored area
unexplored area
unexplored area
unexplored area
unexplored area
unexplored area
unexplored area
unexplored area
unexplored area
unexplored area
unexplored area
unexplored area
unexplored area
unexplored area
unexplored area
unexplored area
unexplored area
unexplored area
unexplored area
unexplored area
unexplored area
unexplored area
unexplored area
unexplored area
unexplored area
unexplored area
unexplored area
unexplored area
unexplored area
unexplored area
unexplored area
unexplored area
unexplored area
wall
wall
wall
unexplored area
unexplored area
unexplored area
unexplored area
unexplored area
unexplored area
unexplored area
unexplored area
unexplored area
unexplored area
unexplored area
unexplored area
unexplored area
unexplored area
unexplored area
unexplored area
unexplored area
unexplored area
unexplored area
unexplored area
unexplored area
unexplored area
unexplored area
unexplored area
unexplored area
unexplored area
unexplored area
unexplored area
unexplored area
unexplored area
unexplored area
unexplored area
unexplored area
unexplored area
unexplored area
unexplored area
unexplored area
unexplored area
unexplored area
unexplored area
unexplored area
unexplored area
unexplored area
unexplored area
unexplored area
unexplored area
unexplored area
unexplored area
unexplored area
unexplored area
unexplored area
unexplored area
unexplored area
unexplored area
unexplored area
unexplored area
unexplored area
unexplored area
unexplored area
unexplored area
unexplored area
unexplored area
unexplored area
unexplored area
unexplored area
unexplored area
unexplored area
unexplored area
unexplored area
unexplored area
unexplored area
unexplored area
unexplored area
unexplored area
unexplored area
unexplored area
unexplored area
unexplored area
unexplored area
unexplored area
unexplored area
unexplored area
unexplored area
unexplored area
unexplored area
unexplored area
unexplored area
unexplored area
unexplored area
unexplored area
unexplored area
unexplored area
unexplored area
unexplored area
unexplored area
unexplored area
unexplored area
unexplored area
unexplored area
unexplored area
unexplored area
unexplored area
unexplored area
unexplored area
unexplored area
unexplored area
unexplored area
unexplored area
unexplored area
unexplored area
unexplored area
unexplored area
unexplored area
unexplored area
unexplored area
unexplored area
unexplored area
unexplored area
unexplored area
unexplored area
unexplored area
unexplored area
unexplored area
unexplored area
unexplored area
unexplored area
unexplored area
unexplored area
unexplored area
unexplored area
unexplored area
unexplored area
unexplored area
unexplored area
unexplored area
unexplored area
unexplored area
unexplored area
unexplored area
unexplored area
unexplored area
unexplored area
unexplored area
unexplored area
unexplored area
unexplored area
unexplored area
unexplored area
unexplored area
unexplored area
unexplored area
unexplored area
unexplored area
unexplored area
unexplored area
unexplored area
unexplored area
unexplored area
unexplored area
unexplored area
unexplored area
unexplored area
unexplored area
unexplored area
unexplored area
unexplored area
unexplored area
unexplored area
unexplored area
unexplored area
unexplored area
unexplored area
unexplored area
unexplored area
unexplored area
unexplored area
unexplored area
unexplored area
unexplored area
unexplored area
unexplored area
unexplored area
unexplored area
unexplored area
unexplored area
unexplored area
unexplored area
unexplored area
unexplored area
unexplored area
unexplored area
unexplored area
unexplored area
unexplored area
[Kontroller the Bachelor ] St:15 Dx:9 Co:14 In:8 Wi:16 Ch:17 Lawful S:4896 Dlvl:7 $:0 HP:0(59) Pw:38(38) AC:1 Xp:7/1134 T:5866 Burdened Ride

Latest messages:

You kill the gnome!
You see here a stethoscope.
You hit the gnome lord!
The gnome lord hits!
You kill the gnome lord!
You see here a gnome lord corpse.
You hear crashing rock.
You kill the gnome!
You miss the owlbear.
The owlbear hits!
The owlbear hits!
You hit the owlbear!
The owlbear hits!
The owlbear hits!
The owlbear grabs you!
You hit the owlbear!
The owlbear hits!
The owlbear hits!
You are being crushed.
You kill the owlbear!
Where do you want to travel to?
(For instructions type a '?')
You are beginning to feel hungry.
You stop searching.
What do you want to eat? [wLO or ?*] w
Blecch! Rotten food!
You feel rather light headed.
You finish eating the food ration.
You feel less confused now.
You stop searching.
You stop searching.
You kill the gnome!
The gnome king throws 2 darts!
The 1st dart misses you.
You stop searching.
You are hit by the 2nd dart.
You stop searching.
You hit the gnome king!
The gnome king misses!
You hit the gnome king!
The gnome king hits!
You miss the gnome king.
The gnome king hits the saddled horse.
The saddled horse misses the gnome king.
The saddled horse bites the gnome king.
You miss the gnome king.
The gnome king hits!
You die...
Do you want your possessions identified? [ynq] (y) y
Do you want to see your attributes? [ynq] (y) q

Inventory:

Weapons

y - 9 +1 darts
i - 29 +0 darts
a - the blessed rustproof +1 Excalibur (weapon in hand)
b - a blessed +1 lance (alternate weapon; not wielded)

Armor

K - an uncursed +0 helmet (being worn)
f - a blessed +0 pair of leather gloves (being worn)
V - a blessed +0 pair of low boots (being worn)
e - an uncursed +0 small shield (being worn)
U - an uncursed +0 elven cloak (being worn)
c - an uncursed +1 ring mail (being worn)

Comestibles

L - 8 uncursed carrots
w - an uncursed food ration
O - 2 uncursed tripe rations

Scrolls

I - an uncursed scroll of amnesia
k - an uncursed scroll of confuse monster
W - an uncursed scroll of destroy armor
t - an uncursed scroll of food detection
j - 2 uncursed scrolls of magic mapping
u - a blessed scroll of stinking cloud
n - an uncursed scroll of stinking cloud
X - an uncursed scroll of teleportation

Spellbooks

l - an uncursed spellbook of charm monster
Y - an uncursed spellbook of cone of cold
z - an uncursed spellbook of force bolt

Potions

C - an uncursed potion of blindness
E - an uncursed potion of extra healing
v - a cursed potion of gain ability
m - a blessed potion of object detection
d - an uncursed potion of object detection
p - an uncursed potion of object detection
q - an uncursed potion of restore ability

Wands

J - a wand of cold (0:4)
r - a wand of create monster (0:13)
A - a wand of digging (0:8)
D - a wand of digging (0:4)
F - a wand of enlightenment (0:11)
s - a wand of fire (0:6)
P - a wand of lightning (0:4)
o - a wand of magic missile (0:3)
R - a wand of nothing (0:3)
T - a wand of opening (0:3)
N - a wand of probing (0:6)
S - a wand of probing (0:5)
Z - a wand of secret door detection (0:10)
H - a wand of striking (0:6)
M - a wand of teleportation (0:4)

Tools

g - an uncursed blindfold
G - an uncursed skeleton key
h - an uncursed stethoscope

Gems/Stones

B - an uncursed fluorite stone
x - an uncursed worthless piece of red glass
Q - an uncursed worthless piece of violet glass

Kontroller the Knight's attributes:


Background:

You were a Bachelor, a level 7 male human Knight.
You were lawful, on a mission for Lugh
who was opposed by Brigit (neutral) and Manannan Mac Lir (chaotic).
You were in the Gnomish Mines, on level 7.
You entered the dungeon 5866 turns ago.
It was nighttime.
There was a full moon in effect when your adventure ended.
You had 1134 experience points, 146 more were needed to attain level 8.
Your score was 4896 before end-of-game adjustments.

Basics:

You had 0 out of 59 hit points.
You had all 38 energy points (spell power).
Your armor class was 1.
Your wallet was empty.
Autopickup was off.

FinalCharacteristics:

Your strength was 15 (limit:18/100).
Your dexterity was 9 (limit:18).
Your constitution was 14 (limit:18).
Your intelligence was 8 (limit:18).
Your wisdom was 16 (limit:18).
Your charisma was 17 (limit:18).

Final Status:

You were riding your horse.
You were not hungry.
You were burdened; movement was slightly slowed.
You were wielding a long sword.
You had basic skill with long sword and could have enhanced that.

Final Attributes:

You were piously aligned.
You were sleep resistant.
You were level-drain resistant.
You were telepathic.
You had automatic searching.
You were stealthy.
You could jump.
You were warded.
You were fast.
You were lucky.
You are dead.

Miscellaneous:
You never encountered a bones level.
Total elapsed playing time was 1 hour, 1 minute and 54 seconds.

Major events:

Turn

1: Kontroller the lawful male human Knight entered the dungeon
545: entered the Gnomish Mines
663: attained the rank of Esquire (level 3)
2438: has been given Excalibur, and now enjoys supreme executive power
2598: attained the rank of Bachelor (level 6)
4767: reached Mine Town
5866: killed by a gnome king

Vanquished creatures:

2 small mimics
a giant beetle
an owlbear
2 housecats
a jaguar
a gnome mummy
a Woodland-elf
an imp
a mountain nymph
a rock mole
2 shriekers
a violet fungus
9 gnome leaders
2 gnomish wizards
a straw golem
3 giant ants
3 floating eyes
2 dwarves
a homunculus
3 rothes
a rabid rat
2 centipedes
2 giant bats
an orc zombie
a wererat
a werejackal
3 iguanas
5 coyotes
2 hobbits
2 hobgoblins
2 giant rats
6 cave spiders
2 yellow molds
a green mold
2 red molds
36 gnomes
10 garter snakes
4 geckos
9 jackals
3 kobolds
a sewer rat
3 grid bugs
2 bats
4 lichens
a kobold zombie
6 newts
151 creatures vanquished.
No species were genocided or became extinct.

Voluntary challenges:

You read items or engraved 17 times.
You never engraved Elbereth.
You never genocided any monsters.
You never polymorphed an object.
You never changed form.
You used no wishes.

Achievements:

You entered a shop.
You entered the Gnomish Mines.
You attained the rank of Esquire.
You attained the rank of Bachelor.
You entered Minetown.
You entered a temple.

The Dungeons of Doom: levels 1 to 7

   Level 1:
Level 2:
A general store, a sink.
Stairs down to The Gnomish Mines.
Level 3:
A fountain.
Level 4:
A wand shop, some fountains.
Level 5:
Many fountains.
Oracle of Delphi.
Level 6:
Some fountains.
Level 7:

The Gnomish Mines: levels 3 to 7

   Level 3:
Level 4:
Level 5:
Many shops, a temple, some fountains.
Level 6:
Level 7: <- You were here.
Final resting place for
you, killed by a gnome king.

Game over:

----------
/ \
/ REST \
/ IN \
/ PEACE \
/ \
| Kontroller |
| 0 Au |
| killed by a |
| gnome king |
| |
| |
| 2023 |
*| * * * | *
_________)/\\_//(\/(/\)/\//\/|_)_______

Fare thee well Kontroller the Knight...


You died in The Gnomish Mines on dungeon level 7 with 4896 points,
and 0 pieces of gold, after 5866 moves.
You were level 7 with a maximum of 59 hit points when you died.